 Dungeon Crawl Stone Soup version 0.29.1-12-g30fa7ad0bf (webtiles) character file.

Game seed: 12159997879892680035

357558 SuperSmizmar the Swordmaster (level 21, -5/213 (224) HPs)
             Began as a Minotaur Berserker on Dec 25, 2022.
             Was a High Priest of Trog.
             Killed from afar by a tengu reaver (62 damage)
             ... with a bolt of cold
             ... on level 5 of the Vaults on Dec 31, 2022.
             The game lasted 05:23:54 (63499 turns).

SuperSmizmar the Swordmaster (Minotaur Berserker)  Turns: 63499, Time: 05:23:55

HP:   -5/213 (224)  AC: 53    Str: 31    XL:     21   Next: 42%
MP:   20/20         EV: 10    Int:  6    God:    Trog [*****.]
Gold: 2587          SH:  0    Dex: 15    Spells: 20/20 levels left

rFire   + . .      SeeInvis +   b - +8 triple sword (protect)
rCold   . . .      Faith    .   (shield currently unavailable)
rNeg    . . .      Spirit   .   g - +7 crystal plate armour
rPois   +          Reflect  .   Y - +3 crown of Dyrovepreva {rElec Int+2 SInv}
rElec   +          Harm     .   n - +1 cloak {Stlth+}
rCorr   .          Rampage  +   I - +0 pair of fencer's gloves {Riposte Dex+3}
Will    ++...                   t - +2 pair of boots {rampage}
Stlth   ..........              f - amulet of the acrobat
HPRegen 0.45/turn               X - ring of flight
MPRegen 0.17/turn               w - ring of Daffodils {rPois rF+ Will+ SInv}

@: about to teleport, corroded, under a protective aura, flying, lightly drained
A: horns 2, retaliatory headbutt
}: 2/15 runes: barnacled, gossamer
a: Renounce Religion, Berserk, Trog's Hand, Brothers in Arms


You were on level 5 of the Vaults.
You worshipped Trog.
Trog was extremely pleased with you.
You visited 11 branches of the dungeon, and saw 40 of its levels.
You also visited: Bailey and Gauntlet.

You collected 3886 gold pieces.
You spent 1299 gold pieces at shops.

Inventory:

Hand Weapons
 b - a +8 triple sword of protection (weapon)
 p - the +8 hand axe "Hoeschej" {freeze, Drain Will+ rCorr Int+2}
   (You took it off a yaktaur captain on level 4 of the Vaults)

   It freezes those it strikes, dealing additional cold damage.
   It can also slow down cold-blooded creatures.
   Int:       It affects your intelligence (+2).
   rCorr:     It protects you from acid and corrosion.
   Drain:     It drains your maximum health when unequipped.
   Will:      It increases your willpower.
 C - the +8 war axe of Slashing Doom {freeze, Drain rElec Will++ Str+3}
   (You found it on level 1 of the Lair of Beasts)

   It freezes those it strikes, dealing additional cold damage.
   It can also slow down cold-blooded creatures.
   Str:       It affects your strength (+3).
   rElec:     It insulates you from electricity.
   Drain:     It drains your maximum health when unequipped.
   Will:      It greatly increases your willpower.
 L - the +8 Wrath of Trog {antimagic, *Rage Rampage}
   (You found it on level 13 of the Dungeon)

   It reduces the magical energy of the wielder, and disrupts the spells and
   magical abilities of those it strikes.
   Natural abilities and divine invocations are not affected.
   It causes slowness and exhaustion when equipped.
   It extends the wielder's berserk rage when killing foes.
   *Rage:     It berserks you when you make melee attacks (+50% chance).
   Rampage:   It bestows one free step when moving towards enemies.
Armour
 g - a +7 crystal plate armour (worn)
 n - a +1 cloak of stealth (worn)
 t - a +2 pair of boots of rampaging (worn)
 I - the +0 pair of fencer's gloves (worn) {Riposte Dex+3}
   (You bought it in a shop on level 2 of the Orcish Mines)

   It allows the wearer to riposte with melee weapons, swiftly retaliating
   against missed or blocked melee attacks.
   Dex:       It affects your dexterity (+3).
 V - a scarf of shadows
 Y - the +3 crown of Dyrovepreva (worn) {rElec Int+2 SInv}
   (You bought it in a shop on level 2 of the Orcish Mines)

   Int:       It affects your intelligence (+2).
   rElec:     It insulates you from electricity.
   SInv:      It lets you see invisible.
Jewellery
 c - a +4 ring of protection
 e - a ring of positive energy
 f - an amulet of the acrobat (around neck)
 j - a ring of resist corrosion
 l - a ring of fire
 o - a +4 ring of evasion
 r - an amulet of guardian spirit
 w - the ring of Daffodils (right hand) {rPois rF+ Will+ SInv}
   (You found it in a Gauntlet)

   [ring of see invisible]

   rF:        It protects you from fire.
   rPois:     It protects you from poison.
   SInv:      It lets you see invisible.
   Will:      It increases your willpower.
 x - a ring of positive energy
 H - a ring of willpower
 K - a ring of poison resistance
 N - an amulet of regeneration
 O - a ring of protection from cold
 P - an amulet of magic regeneration
 T - a +6 ring of intelligence
 W - a +6 ring of dexterity
 X - a ring of flight (left hand)
Wands
 v - a wand of polymorph (30)
 y - a wand of roots (34)
 A - a wand of charming (12)
 D - a wand of acid (21)
 G - a wand of flame (46)
 R - a wand of digging (6)
 U - a wand of mindburst (6)
Scrolls
 h - 2 scrolls of poison
 i - 2 scrolls of brand weapon
 k - a scroll of fog
 m - 5 scrolls of teleportation
 q - 19 scrolls of identify
 u - 3 scrolls of magic mapping
 z - 9 scrolls of fear
Potions
 a - 2 potions of berserk rage
 d - 12 potions of curing
 s - 4 potions of ambrosia
 B - a potion of invisibility
 E - 4 potions of cancellation
 J - 3 potions of magic
 M - a potion of flight
 Z - a potion of heal wounds
Miscellaneous
 F - a lightning rod (4/4)


   Skills:
 O Level 27 Fighting
 O Level 27 Long Blades
 + Level 2.2(4.1) Axes
 + Level 5.4(5.7) Maces & Flails
 + Level 26.5 Armour
 + Level 5.3 Dodging
 + Level 3.1 Stealth
 + Level 0.1 Unarmed Combat
 + Level 2.0 Evocations


You had 20 spell levels left.
You didn't know any spells.
Your spell library was empty.

Dungeon Overview and Level Annotations

Branches:
Dungeon (15/15)            Temple (1/1) D:4            Lair (5/5) D:10
 Shoals (4/4) Lair:2       Spider (4/4) Lair:2        Slime (1/5) Lair:5
    Orc (2/2) D:12            Elf (1/3) Orc:2        Vaults (5/5) D:13
  Crypt (1/3) Vaults:2     Depths (1/4) D:15         Bailey (visited)
Gauntlet (visited)

Altars:
Ashenzari
Cheibriados
Dithmenos
Elyvilon
Fedhas
Gozag
Hepliaklqana
Kikubaaqudgha
Makhleb
Nemelex Xobeh
Okawaru
Qazlal
Ru
Sif Muna
Trog
Uskayaw
Vehumet
Wu Jian
Xom
Yredelemnul
Zin
The Shining One
Jiyva

Shops:
D:4 [   D:9 [   D:10 =   D:11 !   Orc:2 =[(*   Shoals:2 [*=[(

Portals:
Hell: Lair:5

Annotations:
Lair:3 exclusion: oklob plant
Vaults:3 2 transporters, Zotwa's ghost, adept GnSk


Innate Abilities, Weirdness & Mutations

You have a pair of horns on your head.
You reflexively headbutt those who attack you in melee.


Message History

The tengu reaver casts a spell at you. The bolt of acid hits you!!
The acid corrodes you!
Things that are here:
a +0 dire flail; a +2 dire flail of holy wrath; an ettin corpse The tengu reaver points at you and mumbles some strange words.
The bolt of cold hits you but does no damage.
The tengu reaver gestures at you while chanting.
The bolt of cold misses you.
A golden dragon comes into view.
The golden dragon roars deafeningly!
You slash the tengu reaver! Your headbutt misses the tengu reaver.
The tengu reaver is lightly wounded.
The tengu reaver gestures at you while chanting.
The bolt of fire hits you! You resist.
* * * LOW HITPOINT WARNING * * *
You miss the tengu reaver. You headbutt the tengu reaver.
The tengu reaver is moderately wounded.
You closely miss the tengu reaver.
The tengu reaver is moderately wounded.
The tengu reaver hits you but does no damage.
The tengu reaver pecks you but does no damage.
The tengu reaver claws you but does no damage.
You hit the tengu reaver but do no damage.
You headbutt the tengu reaver.
The tengu reaver is moderately wounded.
The tengu reaver closely misses you. You furiously retaliate!
You headbutt the tengu reaver! The tengu reaver closely misses you.
The tengu reaver claws you but does no damage.
You hit the tengu reaver. Your headbutt misses the tengu reaver.
The tengu reaver is heavily wounded.
The tengu reaver hits you but does no damage.
The tengu reaver pecks you.
* * * LOW HITPOINT WARNING * * *
The tengu reaver claws you.
* * * LOW HITPOINT WARNING * * *
As you read the scroll of teleportation, it crumbles to dust.
You feel strangely unstable. The tengu reaver casts a spell at you.
The bolt of cold hits you!!!
You die...

..............######.......)....ยง
#####..[.....###################.
....................,,,,,,,,,,,,,
........<<..........,,,,,,,,,,,,,
.......<).<.........,,,,,,,,,,,,,
......()<<.?........,,,,,,,,,,,,,
#####..))....##############******
#..........................,,,,,,
......#...)#..).@.....[....,,,,,,
......#....#..###Q.#.#.#.#.*,*,,*
#....)#....#..#..D.......,,,,,,,,
##...##....#..#............,,,,,,
#.....#....#.......#.#.#.#.*,*,,,
......#....#.......#......,,,*,,,
......#....#..#..###.....,,,,***,
......#....#.....,,,,.##***,,,,,,
#....,*,,,,*,,*,,*,,,,*,,,*,,,,*,


You could see a golden dragon and a tengu reaver.

Vanquished Creatures
  A dread lich (Vaults:3)
  Sojobo (Vaults:3)
  Frederick (Vaults:3)
  3 golden dragons
  Arachne (Spider:2)
  A tentacled monstrosity (Vaults:4)
  Zenata (Vaults:4)
  A lich (Vaults:2)
  Asterion (Spider:3)
  2 titans (Vaults:5)
  A sphinx (Vaults:1)
  A kraken (Shoals:1)
  A quicksilver dragon (Vaults:5)
  Polyphemus (Shoals:2)
  A shadow dragon (Vaults:5)
  3 tengu reavers
  Roxanne (Spider:4)
  4 fire giants
  2 storm dragons
  Donald (Spider:1)
  8 emperor scorpions
  An iron dragon (Vaults:4)
  A frost giant (Vaults:4)
  2 orc warlords
  5 ghost moths
  12 vault wardens
  3 broodmothers
  6 very ugly things
  19 ironbound preservers
  2 stone giants
  Louise (D:14)
  7 ironbound thunderhulks
  6 war gargoyles
  A deep elf annihilator (Vaults:4)
  A minotaur (Gauntlet)
  4 entropy weavers
  A bunyip (shapeshifter) (Vaults:5)
  26 dire elephants
  An eidolon (D:14)
  3 spark wasps
  A crystal guardian (Vaults:3)
  5 merfolk javelineers
  Snorg (D:11)
  Josephine (D:15)
  2 ettins
  10 merfolk impalers
  12 yaktaur captains
  A fire dragon (D:15)
  A deep elf high priest (Vaults:4)
  4 great orbs of eyes
  An ice dragon (shapeshifter) (Vaults:5)
  4 hydras
  34 vault guards
  4 merfolk avatars
  4 peacekeepers
  12 boulder beetles
  11 centaur warriors
  2 jorogumos
  2 ironbound frosthearts
  4 radroaches
  5 two-headed ogres
  An alligator snapping turtle (Shoals:4)
  A death knight (D:14)
  2 ogre magi
  8 death yaks
  5 satyrs
  4 merfolk aquamancers
  3 catoblepae
  3 tengu warriors
  2 vampire magi
  Urug (Orc:2)
  An orc high priest (Orc:2)
  A deep elf knight (D:15)
  Sonja (Lair:2)
  Nergalle (D:12)
  A fire crab (D:15)
  A sixfirhy (Lair:5)
  14 skeletal warriors
  3 pharaoh ants
  4 steelbarb worms
  7 sea snakes
  A glowing orange brain (D:15)
  38 deep trolls
  9 wizards
  12 orb spiders
  4 phantasmal warriors
  18 ironbound convokers
  24 harpies
  2 wolf spider zombies (D:14)
  3 harpies (shapeshifter)
  2 deep elf pyromancers
  4 lindwurms
  11 orc knights
  20 fauns
  A necromancer (D:15)
  20 wolf spiders
  26 ugly things
  5 orc sorcerers
  7 cyclopes
  12 elephants
  A moth of wrath (shapeshifter) (Vaults:5)
  19 manticores
  A fire giant skeleton (Vaults:2)
  2 stone giant skeletons (Vaults:2)
  7 merfolk sirens
  10 vault sentinels
  An elephant (shapeshifter) (D:14)
  4 water nymphs
  An orange demon (Lair:5)
  2 naga magi (D:15)
  5 black mambas
  8 centaur zombies
  A smoke demon (Lair:5)
  An apocalypse crab (Gauntlet)
  3 gargoyles
  7 demonic crawlers
  3 torpor snails
  An unseen horror (D:12)
  10 centaur skeletons
  10 cane toads
  2 efreet (D:15)
  2 elf skeletons (Vaults:2)
  6 komodo dragons
  Psyche (D:9)
  55 yaktaurs
  2 rime drakes (Lair:5)
  A yaktaur (shapeshifter) (Vaults:4)
  4 ice devils (Lair:5)
  4 wind drakes
  2 yaktaur skeletons (Vaults:2)
  36 merfolk
  A red devil (Lair:5)
  9 trolls
  3 polar bears (Lair:5)
  Grinder (D:6)
  A hornet (shapeshifter) (D:13)
  A hornet (D:8)
  33 slime creatures
  9 tarantellas
  9 blink frogs
  A harpy skeleton (D:14)
  13 dream sheep
  11 snapping turtles
  A meliai zombie (D:14)
  25 jumping spiders
  15 flying skulls
  13 water elementals
  A vampire (D:12)
  16 culicivoras
  6 wraiths
  5 basilisks
  6 wyverns
  9 humans (D:13)
  18 vampire mosquitoes
  51 redbacks
  38 yaks
  Menkaure (D:6)
  4 wargs
  18 water moccasins
  An acid dragon (D:11)
  4 hell hounds (Lair:5)
  31 orc warriors
  Duvessa (D:6)
  2 black bears
  A sky beast (D:5)
  An ice beast (D:6)
  3 glowing shapeshifter skeletons (Vaults:2)
  5 ogres
  23 wolves
  8 centaurs
  2 human skeletons (Vaults:2)
  A phantom (D:5)
  4 kobold brigands
  3 necrophages
  10 bullfrogs
  3 scorpions
  Dowan (D:6)
  4 howler monkeys
  3 electric eels
  A lava snake (Lair:2)
  7 jellies
  15 orc priests
  6 hounds
  Crazy Yiuf (D:3)
  Jessica (D:3)
  2 gnoll boudas
  An iguana (D:4)
  A boggart zombie (D:14)
  3 hell rats (Lair:4)
  29 orc wizards
  Robin (D:3)
  8 gnolls
  3 adders
  A shadow imp (D:5)
  A worm (D:5)
  85 orcs
  6 ball pythons
  9 bats
  13 endoplasms
  A giant cockroach (D:2)
  15 goblins
  12 hobgoblins
  24 kobolds
  4 quokkas
  4 frilled lizards
  4 rats
  A butterfly (D:4)
1444 creatures vanquished.

Vanquished Creatures (collateral kills)
  A war gargoyle (Vaults:4)
  Nessos (D:15)
  A deep troll (Vaults:4)
  An ironbound convoker (Vaults:4)
  A black mamba (Lair:2)
  2 jumping spiders (Spider:1)
  A yak (Lair:2)
  A basilisk (D:15)
  A redback (Spider:1)
  A hell rat (Lair:4)
11 creatures vanquished.

Vanquished Creatures (others)
  An ettin (Vaults:5)
  A merfolk aquamancer (Shoals:4)
  A blink frog (Lair:5)
  A black mamba zombie (Lair:4)
  A culicivora (Spider:4)
  A human (D:13)
  2 orc wizards (Orc:2)
  9 demonic plants (Gauntlet)
  17 fungi
  166 plants
  4 tentacles (Shoals:1)
204 creatures vanquished.

Grand Total: 1659 creatures vanquished

Notes
Turn   | Place    | Note
-------+----------+-------------------------------------------
     0 | D:1      | SuperSmizmar the Minotaur Berserker began the quest for the
                  | Orb.
     0 | D:1      | Reached XP level 1. HP: 19/19 MP: 0/0
   250 | D:1      | Reached XP level 2. HP: 27/27 MP: 1/1
   759 | D:1      | Reached XP level 3. HP: 30/33 MP: 2/2
  1067 | D:2      | Reached ** piety under Trog
  1163 | D:2      | Found a glowing golden altar of the Shining One.
  1676 | D:3      | Noticed Robin
  1683 | D:3      | Reached XP level 4. HP: 41/41 MP: 3/3
  1686 | D:3      | Killed Robin
  2064 | D:3      | Found a runed translucent door.
  2065 | D:3      | Noticed Crazy Yiuf
  2071 | D:3      | Killed Crazy Yiuf
  2072 | D:3      | Reached skill level 1 in Axes
  2072 | D:3      | Reached skill level 5 in Maces & Flails
  2383 | D:3      | Found a broken altar of Ashenzari.
  2417 | D:3      | Noticed Jessica
  2439 | D:3      | Killed Jessica
  2440 | D:3      | Reached XP level 5. HP: 35/47 MP: 4/4
  2785 | D:3      | Found a faded altar of an unknown god.
  2980 | D:3      | Identified a scroll of acquirement
  2980 | D:3      | Acquired a +4 triple sword of protection
  2998 | D:4      | Found a staircase to the Ecumenical Temple.
  3020 | D:4      | Reached *** piety under Trog
  3046 | D:4      | Reached skill level 1 in Long Blades
  3048 | Temple   | Entered the Ecumenical Temple
  3505 | D:4      | Reached XP level 6. HP: 44/53 MP: 5/5
  3923 | D:4      | Found Oblydeh's Antique Armour Boutique.
  3979 | D:5      | Entered Level 5 of the Dungeon
  4072 | D:4      | Found a faded altar of an unknown god.
  4072 | D:4      | Found a blossoming altar of Fedhas.
  4080 | D:4      | Found a hazy altar of Hepliaklqana.
  4082 | D:4      | Found a hide-covered altar of Uskayaw.
  4084 | D:4      | Found an iron altar of Okawaru.
  4371 | D:5      | Reached XP level 7. HP: 60/60 MP: 6/6
  4372 | D:5      | Reached skill level 5 in Fighting
  4373 | D:5      | Reached skill level 5 in Long Blades
  4382 | D:5      | Reached skill level 1 in Stealth
  4543 | D:5      | Found a sacrificial altar of Ru.
  4686 | D:5      | Reached skill level 5 in Armour
  4686 | D:5      | Reached XP level 8. HP: 65/70 MP: 7/7
  4757 | D:5      | Found a shadowy altar of Dithmenos.
  4925 | D:5      | Found an opulent altar of Gozag.
  5141 | D:5      | Found a hide-covered altar of Uskayaw.
  5144 | D:5      | Found a snail-covered altar of Cheibriados.
  5144 | D:5      | Found a shimmering altar of Xom.
  5147 | D:5      | Found a shimmering altar of Xom.
  5147 | D:5      | Found a glowing golden altar of the Shining One.
  5147 | D:5      | Found a blossoming altar of Fedhas.
  5403 | D:6      | Noticed Grinder
  5406 | D:6      | Paralysed by Grinder for 2 turns
  5421 | D:6      | Killed Grinder
  5720 | D:6      | Noticed Menkaure
  5738 | D:6      | Killed Menkaure
  5746 | D:6      | Noticed Duvessa
  5748 | D:6      | Noticed Dowan
  5750 | D:6      | Killed Duvessa
  5755 | D:6      | Killed Dowan
  5826 | D:6      | Reached XP level 9. HP: 79/79 MP: 8/8
  6315 | D:7      | Found an ornate altar of the Wu Jian Council.
  6412 | D:7      | Found a flagged portal.
  6419 | D:7      | Reached **** piety under Trog
  6425 | Bailey   | Entered a bailey
  6435 | Bailey   | Reached skill level 10 in Long Blades
  6653 | Bailey   | Noticed an orc knight
  6663 | Bailey   | Noticed an orc knight
  7134 | Bailey   | Killed an orc knight
  7260 | Bailey   | Killed an orc knight
  7793 | Bailey   | Identified the +1 helmet of Activism {rC+ Regen+}
  8289 | D:7      | Found a bloodstained altar of Trog.
  8703 | D:8      | Reached XP level 10. HP: 90/91 MP: 9/9
  8987 | D:8      | Reached skill level 10 in Fighting
  9376 | D:8      | Identified the +0 scale mail of Hadjma {Str+7 Int+4}
  9443 | D:8      | Found a glowing silver altar of Zin.
  9511 | D:8      | Found a radiant altar of Vehumet.
  9839 | D:9      | Noticed a two-headed ogre
  9844 | D:9      | Killed a two-headed ogre
 10266 | D:9      | Found Samiyvour's Armour Shop.
 10395 | D:9      | Noticed Psyche
 10453 | D:9      | Noticed a two-headed ogre
 10527 | D:9      | Killed a two-headed ogre
 10528 | D:9      | Reached skill level 5 in Dodging
 10654 | D:9      | Killed Psyche
 11458 | D:10     | Entered Level 10 of the Dungeon
 11487 | D:10     | Found Mathrunism's Jewellery Emporium.
 11526 | D:10     | Noticed a two-headed ogre
 11529 | D:10     | Killed a two-headed ogre
 11530 | D:10     | Reached XP level 11. HP: 104/104 MP: 10/10
 11539 | D:10     | Found a basalt altar of Yredelemnul.
 11697 | D:10     | Found an ancient bone altar of Kikubaaqudgha.
 11874 | D:10     | Found a white marble altar of Elyvilon.
 11914 | D:10     | Noticed a death yak
 11929 | D:10     | Noticed a death yak
 11934 | D:10     | Killed a death yak
 11936 | D:10     | Killed a death yak
 11938 | D:10     | Noticed a death yak
 11943 | D:10     | HP: 1/157 [death yak (28)]
 11944 | D:10     | Killed a death yak
 11945 | D:10     | Reached skill level 15 in Long Blades
 12335 | D:10     | Found a staircase to the Lair.
 12345 | Lair:1   | Entered Level 1 of the Lair of Beasts
 12566 | Lair:1   | Reached skill level 10 in Armour
 13077 | Lair:1   | Reached ***** piety under Trog
 13100 | Lair:1   | Identified the +8 war axe of Slashing Doom {freeze, Drain
                  | rElec Will++ Str+3}
 13689 | Lair:2   | Found a staircase to the Shoals.
 13713 | Lair:2   | Reached XP level 12. HP: 105/117 MP: 11/11
 13723 | Shoals:1 | Entered Level 1 of the Shoals
 14142 | Lair:2   | Noticed Sonja
 14175 | Lair:2   | Killed Sonja
 14176 | Lair:2   | Reached skill level 15 in Fighting
 14598 | Lair:2   | Identified the +4 halberd of Yceddicw {freeze, Str+3}
 14614 | Lair:2   | Found a hole to the Spider Nest.
 14623 | Spider:1 | Entered Level 1 of the Spider Nest
 16700 | Lair:4   | Noticed a five-headed hydra
 16704 | Lair:4   | Received a gift from Trog
 16714 | Lair:4   | Killed a seven-headed hydra
 16715 | Lair:4   | Reached XP level 13. HP: 130/130 MP: 12/12
 17104 | Lair:4   | Identified the +4 chain mail "Notael" {rC+ rCorr}
 18216 | Lair:5   | Entered Level 5 of the Lair of Beasts
 18474 | Lair:5   | Noticed a dire elephant
 18483 | Lair:5   | Killed a dire elephant
 18733 | Lair:5   | Noticed a dire elephant
 18742 | Lair:5   | Killed a dire elephant
 18976 | Lair:5   | Found a burning altar of Makhleb.
 19060 | Lair:5   | Found a gateway to Hell.
 19392 | Lair:5   | Found a viscous altar of Jiyva.
 19393 | Lair:5   | Found a staircase to the Slime Pits.
 19410 | Slime:1  | Entered Level 1 of the Pits of Slime
 19410 | Slime:1  | Noticed a rockslime
 20658 | Shoals:2 | Noticed Polyphemus
 20658 | Shoals:2 | Found Sirarhot's Antique Weapon Shop.
 20675 | Shoals:1 | Reached XP level 14. HP: 80/141 MP: 13/13
 21654 | Spider:1 | Noticed Donald
 21670 | Spider:1 | Killed Donald
 22255 | Spider:2 | Noticed Arachne
 22270 | Spider:2 | Killed Arachne
 22617 | Spider:1 | Received a gift from Trog
 23150 | D:11     | Found Xary's Distillery.
 23205 | D:11     | Noticed Snorg
 23213 | D:11     | Killed Snorg
 24258 | D:12     | Found a staircase to the Orcish Mines.
 24810 | D:12     | Found an iron altar of Okawaru.
 24873 | D:12     | Noticed Nergalle
 24881 | D:12     | Killed Nergalle
 26645 | D:13     | Found the +8 Wrath of Trog {antimagic, *Rage Rampage}
 27180 | D:13     | Reached XP level 15. HP: 152/152 MP: 14/14
 27211 | D:13     | Found a gate to the Vaults.
 27440 | D:14     | Noticed Louise
 27461 | D:14     | Killed Louise
 27465 | D:14     | Received a gift from Trog
 27688 | D:15     | Entered Level 15 of the Dungeon
 27774 | D:15     | Reached skill level 15 in Armour
 27991 | D:15     | Noticed Nessos
 28021 | D:15     | Killed Nessos
 28096 | D:15     | Found a gate leading to a gauntlet.
 28104 | Gauntlet | Entered a Gauntlet
 28104 | Gauntlet | Found a transporter.
 28104 | Gauntlet | Found a transporter.
 28104 | Gauntlet | Found a transporter.
 28105 | Gauntlet | Found a transporter.
 28109 | Gauntlet | Found a transporter.
 28112 | Gauntlet | Found a large runed translucent door.
 28113 | Gauntlet | Found a large runed translucent door.
 28114 | Gauntlet | Found a large runed translucent door.
 28114 | Gauntlet | Found a large runed translucent door.
 28114 | Gauntlet | Found a runed translucent door.
 28115 | Gauntlet | Found a large runed translucent door.
 28116 | Gauntlet | Found a large runed translucent door.
 28117 | Gauntlet | Found a large runed translucent door.
 28117 | Gauntlet | Found a large runed translucent door.
 28118 | Gauntlet | Found a runed translucent gate.
 28118 | Gauntlet | Found a runed translucent gate.
 28120 | Gauntlet | Found a transporter.
 28162 | Gauntlet | Found a transporter.
 28176 | Gauntlet | Found a transporter.
 28184 | Gauntlet | Found a transporter.
 28202 | Gauntlet | Found a transporter.
 28210 | Gauntlet | Found a transporter.
 28227 | Gauntlet | Found a transporter.
 28268 | Gauntlet | Found a runed translucent door.
 28268 | Gauntlet | Found a runed translucent gate.
 28279 | Gauntlet | Found a large runed translucent door.
 28279 | Gauntlet | Found a large runed translucent door.
 28280 | Gauntlet | Found a large runed translucent door.
 28281 | Gauntlet | Found a large runed translucent door.
 28298 | Gauntlet | Found a large runed translucent door.
 28298 | Gauntlet | Found a large runed translucent door.
 28299 | Gauntlet | Found a large runed translucent door.
 28300 | Gauntlet | Found a large runed translucent door.
 28480 | Gauntlet | Identified the ring of Daffodils {rPois rF+ Will+ SInv}
 29725 | D:15     | Noticed Josephine
 29729 | D:15     | Killed Josephine
 31178 | D:14     | Found a blossoming altar of Fedhas.
 32383 | D:15     | Reached XP level 16. HP: 159/160 MP: 15/15
 32422 | D:15     | Found a staircase to the Depths.
 32428 | Depths:1 | Entered Level 1 of the Depths
 32898 | Orc:1    | Entered Level 1 of the Orcish Mines
 33431 | Orc:1    | Paralysed by an orc sorcerer for 2 turns
 33464 | Orc:2    | Entered Level 2 of the Orcish Mines
 33976 | Orc:2    | Received a gift from Trog
 33990 | Orc:2    | Noticed Urug
 34008 | Orc:2    | Killed Urug
 34273 | Orc:2    | Paralysed by an orc sorcerer for 5 turns
 34278 | Orc:2    | Found Tevveh's Antique Armour Emporium.
 34348 | Orc:2    | Found a staircase to the Elven Halls.
 34359 | Elf:1    | Entered Level 1 of the Elven Halls
 34511 | Orc:2    | Found Akatitup's Jewellery Emporium.
 34517 | Orc:2    | Bought a ring of flight for 280 gold pieces
 34535 | Orc:2    | Found Ehof's Antique Weapon Emporium.
 34679 | Orc:2    | Found Voquletui's General Store.
 34685 | Orc:2    | Bought the +3 crown of Dyrovepreva {rElec Int+2 SInv} for
                  | 496 gold pieces
 34685 | Orc:2    | Found the +3 crown of Dyrovepreva {rElec Int+2 SInv}
 34685 | Orc:2    | Bought 6 stones for 7 gold pieces
 34685 | Orc:2    | Bought a scroll of teleportation for 36 gold pieces
 34685 | Orc:2    | Bought the +0 pair of fencer's gloves {Riposte Dex+3} for
                  | 480 gold pieces
 34685 | Orc:2    | Found the +0 pair of fencer's gloves {Riposte Dex+3}
 35410 | Shoals:1 | Noticed a kraken
 35430 | Shoals:1 | Killed a kraken
 36699 | Shoals:2 | Killed Polyphemus
 37532 | Shoals:2 | Found Piwij's Antique Armour Shop.
 38578 | Shoals:4 | Entered Level 4 of the Shoals
 38999 | Shoals:2 | Found Nuoditz's Armour Emporium.
 39012 | Shoals:2 | Found Yxil's Assorted Antiques.
 39105 | Shoals:2 | Found Nuag's Jewellery Shop.
 40169 | Shoals:3 | Reached XP level 17. HP: 176/176 MP: 16/16
 40188 | Shoals:3 | Identified the +7 ring mail of the Wild Haggis {rF++ Will+}
 40551 | Shoals:3 | Reached skill level 1 in Evocations
 40679 | Shoals:4 | Received a gift from Trog
 43087 | Shoals:4 | Got a barnacled rune of Zot
 44573 | Spider:3 | Noticed Asterion
 44593 | Spider:3 | Killed Asterion
 44630 | Spider:4 | Entered Level 4 of the Spider Nest
 46417 | Spider:4 | Reached XP level 18. HP: 187/189 MP: 5/17
 46967 | Spider:3 | Received a gift from Trog
 47375 | Spider:3 | Identified the +1 robe "Haiddil" {rCorr Int+9 Dex-4}
 49971 | Spider:4 | Noticed Roxanne
 50777 | Spider:4 | Got a gossamer rune of Zot
 51194 | Spider:4 | Killed Roxanne
 51412 | Vaults:1 | Entered Level 1 of the Vaults
 51785 | Vaults:1 | Received a gift from Trog
 51963 | Vaults:1 | You are sucked into a shaft and drop 1 floor!
 52439 | Vaults:2 | Noticed a lich
 52454 | Vaults:2 | Killed a lich
 52455 | Vaults:2 | Reached XP level 19. HP: 182/200 MP: 18/18
 52648 | Vaults:2 | Reached ****** piety under Trog
 52750 | Vaults:2 | Received a gift from Trog
 52751 | Vaults:2 | Found a staircase to the Crypt.
 52929 | Crypt:1  | Entered Level 1 of the Crypt
 53260 | Vaults:2 | Reached skill level 27 in Long Blades
 53774 | Vaults:4 | Received a gift from Trog
 53788 | Vaults:4 | Noticed Zenata
 54010 | Vaults:4 | Killed Zenata
 54025 | Vaults:4 | HP: 4/205 [ironbound thunderhulk/bolt of lightning (16)]
 54025 | Vaults:4 | HP: 1/205 [yaktaur[a yaktaur captain] (3)]
 54781 | Vaults:3 | Reached XP level 20. HP: 163/215 MP: 19/19
 54968 | Vaults:3 | Noticed Sojobo
 54974 | Vaults:3 | Paralysed by an air elemental for 1 turns
 54984 | Vaults:3 | Paralysed by an air elemental for 1 turns
 54995 | Vaults:3 | Paralysed by an air elemental for 1 turns
 55005 | Vaults:3 | Killed Sojobo
 55006 | Vaults:3 | Reached skill level 27 in Fighting
 55751 | Vaults:3 | Noticed Frederick
 55773 | Vaults:3 | Killed Frederick
 55900 | Vaults:3 | Received a gift from Trog
 58334 | Vaults:3 | Received a gift from Trog
 58851 | Vaults:3 | Found a transporter.
 58852 | Vaults:3 | Noticed Zotwa's ghost (adept GnSk)
 58855 | Vaults:3 | Noticed a dread lich
 58884 | Vaults:3 | Found a transporter.
 59198 | Vaults:3 | Killed a dread lich
 59792 | Vaults:5 | Entered Level 5 of the Vaults
 60204 | Vaults:4 | Received a gift from Trog
 61530 | Vaults:5 | Reached XP level 21. HP: 224/224 MP: 20/20
 61756 | Vaults:5 | Noticed a golden dragon
 61981 | Vaults:4 | Killed a golden dragon
 62447 | Vaults:5 | Noticed a golden dragon
 62924 | Vaults:5 | Identified the +8 hand axe "Hoeschej" {freeze, Drain Will+
                  | rCorr Int+2}
 62938 | Vaults:5 | Killed a golden dragon
 63470 | Vaults:5 | Noticed a golden dragon
 63483 | Vaults:5 | Killed a golden dragon
 63493 | Vaults:5 | Noticed a golden dragon
 63499 | Vaults:5 | Killed from afar by a tengu reaver

Illustrated notes

Levels and vault maps discovered:
D:1:      lemuel_arrival_lava_pool, layout_loops_ring
D:2:      layout_rooms, basic_altar
D:3:      minmay_door_path, layout_basic, cheibrodos_ashenzari_chains,
          basic_ecumenical_altar, nrook_campfire, uniq_robin, uniq_jessica,
          uniq_crazy_yiuf_cottage
D:4:      layout_cave_pools, chequers_temple_overflow_minitemple,
          minmay_temple_entry_butterflies, serial_shops, nicolae_lakefront_shop,
          minmay_surrounded
D:5:      layout_loops_ring, grunt_gozag_statues, doesnt_xom_only_xom,
          nicolae_dithmenos_shadow_blocks, lemuel_crystal_altar,
          minmay_manual_mares
D:6:      layout_loops_ring, nicolae_benzene_ring, uniq_grinder, uniq_duvessa,
          uniq_menkaure
D:7:      layout_gridville, mainiacjoe_overflow_concentric_impassable,
          trog_three_pillars_becter, enter_bailey_4, serial_bayou_pond_c
D:8:      layout_gridville, nicolae_overflow_crystal_walls,
          kennysheep_little_box
D:9:      layout_stronghold, serial_shops, shop, uniq_psyche
D:10:     layout_loops_ring, mainiacjoe_overflow_small_starburst,
          elyvilon_altar_4, mainiacjoe_overflow_chevrons, dpeg_lair_monsters,
          serial_shops, shop_statue
D:11:     layout_basic, serial_shops, nicolae_take_the_stairs,
          water_maze_lemuel, uniq_snorg
D:12:     layout_loops_corners, minmay_orc_entry_temple_small,
          okawaru_metal_pillars_1_2, uniq_nergalle
D:13:     layout_long_grid, ximxim_vaults_locker_room, nzn_life_drinkers
D:14:     hangedman_screamer, layout_loops_ring, fedhas_altar_fruit_tree,
          uniq_louise
D:15:     grunt_enter_depths_magical_seal, layout_cave_pools, dk_noncrumbling_3,
          gauntlet_entry_generic, kennysheep_two_boxes, uniq_josephine,
          uniq_nessos
Temple:   hellmonk_temple_beads
Lair:1:   layout_layer_cave
Lair:2:   layout_gridlike, minmay_shoals_entry_lonely_mermaid,
          spider_nest_entry_a, serial_bayou_shore_a, uniq_sonja
Lair:3:   layout_small_grid, grunt_megastairs_1
Lair:4:   layout_regular_city
Lair:5:   evil_forest, layout_regular_city, nicolae_slime_entry_slimehenge,
          lookout_lair_type
Shoals:1: layout_shoals, nicolae_shoals_so_close
Shoals:2: layout_shoals, serial_shops, shop, nicolae_stop_n_shop_2,
          nicolae_shop_behind_doors, shop, nicolae_stop_n_shop_1,
          uniq_polyphemus
Shoals:3: layout_shoals, nicolae_shoals_pincushion_passage
Shoals:4: shoals_end_grunt_garden, layout_shoals
Spider:1: layout_spider_delve, uniq_donald
Spider:2: layout_spider_delve, uniq_arachne
Spider:3: layout_spider_delve, hellmonk_deceptive_appearances, uniq_asterion
Spider:4: guppyfry_spider_rune, drop_trap, uniq_roxanne
Slime:1:  layout_caves, nicolae_slime_ancient_tower_intersection
Orc:1:    layout_caves
Orc:2:    grunt_orc_cross, layout_caves
Elf:1:    nicolae_elf_arrival_no_cutting_in_line, layout_onion_city,
          orc_legates, uniq_nikola
Vaults:1: v_misc_19, nicolae_vaults_ring_of_whatevers,
          hangedman_vaults_capsules, v_misc_9, v_misc_2,
          hangedman_vaults_corner_blocks, vaults_room_corners,
          ontoclasm_vaults_fault, nicolae_vaults_specimen_jars,
          layout_vaults_omnigrid
Vaults:2: grunt_vaults_swirl, v_alt_pattern_5, st_cells, ontoclasm_vaults_idyll,
          minmay_crypt_entry_skeletal_spiral, nicolae_vaults_ring_of_whatevers,
          vaults_standard_mumra_lines, vaults_mumra_chevron, vaults_dpeg_ring,
          grunt_vaults_diagonal, layout_vaults_ring
Vaults:3: gammafunk_ghost_mausoleum, nicolae_vaults_network_periphery,
          st_spiral_rooms, nicolae_vaults_ninety_degrees,
          nicolae_vaults_inception_corners, nicolae_vaults_what_the_h,
          ontoclasm_vaults_ligature, grunt_vaults_funnel,
          vaults_dpeg_emergency_exit, layout_vaults_maze_snakey, uniq_frederick,
          uniq_sojobo
Vaults:4: nicolae_vaults_little_squares_5, hangedman_vaults_nodes,
          vaults_dpeg_diagonal, ontoclasm_vaults_ring_small,
          nicolae_vaults_circle_grid_b, v_misc_4, nicolae_vaults_puzzle_piece,
          v_misc_23, vaults_standard_mumra_x, nicolae_vaults_gold_heap,
          vaults_dpeg_cross, hangedman_vaults_maws,
          nicolae_vaults_circle_grid_a, v_misc_9, vaults_dpeg_hooks,
          nicolae_vaults_little_squares_4, layout_vaults_omnibox, serial_shops,
          bzr_entry_water, uniq_zenata
Vaults:5: serial_shops
Crypt:1:  layout_gridlike, st_stairs_13, st_chilly_death
Depths:1: layout_twisted_cross, nemelex_xobeh_ov_fountains_minmay,
          hangedman_coc_ice_floe, zin_angel, firewood_loft

Skill      XL: |  1  2  3  4  5  6  7  8  9 10 11 12 13 14 15 16 17 18 19 20 21 |
---------------+----------------------------------------------------------------+-----
Maces & Flails | 4 5 |  5.4
Fighting       | 4 5 7 9 11 14 16 17 19 20 22 23 24 26 27 | 27.0
Axes           | 1 2 |  2.2
Armour         | 3 4 5 6 7 9 10 12 13 14 16 17 19 20 21 25 26 | 26.5
Dodging        | 3 4 5 |  5.3
Long Blades    | 1 4 6 9 12 14 16 18 20 22 23 24 25 26 27 | 27.0
Stealth        | 1 2 3 |  3.1
Evocations     | 2 |  2.0
Unarmed Combat | |  0.1

Action                   |  1- 3 |  4- 6 |  7- 9 | 10-12 | 13-15 | 16-18 | 19-21 || total
-------------------------+-------+-------+-------+-------+-------+-------+-------++-------
Melee: Mace              |    66 |       |       |       |       |       |       ||    66
       Headbutt          |    13 |    10 |    37 |    87 |   225 |   450 |   423 ||  1245
       Hand axe          |    31 |    26 |       |       |       |       |       ||    57
       Triple sword      |       |    42 |   187 |   403 |   974 |  1477 |  1147 ||  4230
       Unarmed           |       |       |       |     9 |       |       |       ||     9
Invok: Berserk           |     1 |     2 |     2 |     4 |    13 |    20 |    16 ||    58
       Trog's Hand       |       |     1 |     5 |     6 |    15 |    21 |    12 ||    60
       Brothers in Arms  |       |       |       |       |     1 |       |     1 ||     2
Evoke: Wand              |       |       |       |       |     4 |    10 |       ||    14
  Use: Scroll            |       |    16 |    12 |     8 |    11 |    13 |     6 ||    66
       Potion            |       |       |     5 |     5 |    11 |     2 |     5 ||    28
 Stab: Petrifying        |       |       |       |     1 |       |       |       ||     1
       Confused          |       |       |       |     1 |       |       |       ||     1
       Distracted        |       |       |       |       |       |       |     1 ||     1
       Invisible         |       |       |       |       |       |       |     1 ||     1
Armor: Animal skin       |    19 |       |       |       |       |       |       ||    19
       Ring mail         |    13 |    38 |    49 |       |       |       |       ||   100
       Crystal plate arm |       |       |    52 |   292 |   843 |  1884 |   913 ||  3984
Dodge: Dodged            |    72 |    75 |   166 |   283 |   646 |  1120 |   542 ||  2904
       Rpst.: Triple sword |       |       |       |       |       |   147 |   104 ||   251
